 Dungeon Crawl Stone Soup version 0.23.1 (webtiles) character file.

Game seed: 17044759466349075235

39 Borgoz the Sneak (level 3, 0/26 HPs)
             Began as a Ghoul Enchanter on Mar 13, 2019.
             Killed from afar by Natasha (6 damage)
             ... with a wand of flame (15)
             ... on level 2 of the Dungeon.
             The game lasted 00:03:01 (2389 turns).

Borgoz the Sneak (Ghoul Enchanter)                  Turns: 2389, Time: 00:03:02

Health: 0/26       AC:  2    Str: 11    XL:     3   Next: 47%
Magic:  1/5        EV: 12    Int: 10    God:
Gold:   80         SH:  0    Dex: 10    Spells: 3/6 levels left

rFire    . . .     SeeInvis .   a - +1 dagger
rCold    + . .     Gourm    .   (no shield)
rNeg     + + +     Faith    .   b - +0 robe
rPois    ∞         Spirit   .   (no helmet)
rElec    .         Reflect  .   (no cloak)
rCorr    .         Harm     .   (no gloves)
MR       .....                  (no boots)
Stlth    ++........             (no amulet)
HPRegen  0.00/turn              (no ring)
MPRegen  0.09/turn              (no ring)

@: very slightly contaminated, rotting
A: rotting body, claws 1, carnivore, cold resistance 1, negative energy
resistance 3, inhibited regeneration, torment resistance, unbreathing
a: no special abilities


You were on level 2 of the Dungeon.
You were not hungry.

You visited 1 branch of the dungeon, and saw 2 of its levels.

You collected 80 gold pieces.

Inventory:

Hand Weapons
 a - a +1 dagger (weapon)
Armour
 b - a +0 robe (worn)
Scrolls
 c - a scroll of noise {unknown}
 e - a scroll of random uselessness {unknown}
 g - a scroll of identify {unknown}
 h - a scroll of immolation {unknown}
 j - a scroll of teleportation {unknown}
 k - a scroll of magic mapping {unknown}
Potions
 f - a potion of heal wounds {unknown}
 i - a potion of haste {unknown}
Comestibles
 d - 5 rations


   Skills:
 + Level 0.2 Fighting
 + Level 1.3 Short Blades
 + Level 2.2 Dodging
 + Level 3.8 Stealth
 + Level 2.0 Spellcasting
 + Level 2.6 Hexes


You had 3 spell levels left.
You knew the following spells:

 Your Spells              Type           Power        Failure   Level  Hunger
a - Corona                Hex            #......      11%         1    ##.....
b - Ensorcelled Hibernat  Hex/Ice        #.....       26%         2    ###....

Your spell library contained the following spells:

 Spells                   Type           Power        Failure   Level  Hunger
 Confuse                  Hex            #.......     30%         3    ####...
 Tukima's Dance           Hex            #.......     30%         3    ####...
 Dazzling Spray           Conj/Hex       #.....       47%         3    ####...


Dungeon Overview and Level Annotations

Branches:
Dungeon (2/15)

Altars:

Annotations:
D:2 Natasha


Innate Abilities, Weirdness & Mutations

Your body is rotting away.
You thrive on raw meat.
You are immune to poison.
You have sharp fingernails.
You are carnivorous and can eat meat at any time.
Your flesh is cold resistant. (rC+)
You are immune to negative energy. (rN+++)
You do not regenerate when monsters are visible.
You are immune to unholy pain and torment.
You can survive without breathing.


Message History

The crimson imp is moderately wounded.
Natasha zaps a wand.
The puff of flame hits you!
* * * LOW HITPOINT WARNING * * *
The crimson imp blinks!
Casting: Ensorcelled Hibernation (safe; 26% risk of failure)
Confirm with . or Enter, or press ? or * to list all spells.
Aiming: Ensorcelled Hibernation (safe; 26% risk of failure)
Press: ? - help, Shift-Dir - straight line, f - Natasha
Aim: Natasha, carrying a wand of flame (15) (chance to defeat MR: 35%)
You miscast Ensorcelled Hibernation.
You are very lightly contaminated with residual magic.
You hear a crackling sound.
Natasha claws you but does no damage.
The crimson imp blinks!
Casting: Ensorcelled Hibernation (safe; 26% risk of failure)
Confirm with . or Enter, or press ? or * to list all spells.
Aiming: Ensorcelled Hibernation (safe; 26% risk of failure)
Press: ? - help, Shift-Dir - straight line, f/p - Natasha
Aim: Natasha, carrying a wand of flame (15) (chance to defeat MR: 35%) Natasha easily resists.
Natasha zaps a wand.
The puff of flame hits you.
You die...

#############
#...........#
########...........#####
...................#...#
............5......#...#
.g....§............'...'
......h@...........#...#
......##.........).#...#
##### #...........#...#
#...........#....
#.##########'##....
#.######## #.##....
#........# #.####..
#........# #.# #..
#........###'####..


You could see Natasha, a crimson imp and a hobgoblin.

Vanquished Creatures
  An adder (D:2)
  A worm (D:2)
  2 giant cockroaches (D:2)
  2 goblins
  4 hobgoblins (D:1)
  5 jackals (D:1)
  3 bats
  4 frilled lizards
  A kobold (D:1)
  4 rats (D:1)
27 creatures vanquished.

Notes
Turn   | Place    | Note
-------+----------+-------------------------------------------
     0 | D:1      | Borgoz the Ghoul Enchanter began the quest for the Orb.
     0 | D:1      | Reached XP level 1. HP: 14/14 MP: 2/2
   231 | D:1      | Reached XP level 2. HP: 6/20 MP: 4/4
   541 | D:1      | Learned a level 2 spell: Ensorcelled Hibernation
   560 | D:1      | Reached skill level 1 in Short Blades
  1828 | D:2      | Reached XP level 3. HP: 25/26 MP: 5/5
  2380 | D:2      | Noticed Natasha
  2389 | D:2      | Killed from afar by Natasha

Skill      XL: |  1  2 |
---------------+-------+-----
Spellcasting   | 2 |  2.0
Short Blades   | 1 |  1.3
Dodging        | 2 |  2.2
Fighting       | |  0.2
Stealth        | |  3.8
Hexes          | |  2.6

Action                   || total
-------------------------++-------
Melee: Dagger            ||   138
 Cast: Corona            ||     1
       Ensorcelled Hiber ||     7
 Stab: Sleeping          ||     5
  Eat: Chunk             ||    12
Armor: Robe              ||    31
Dodge: Dodged            ||   103
